 Dungeon Crawl Stone Soup version 0.31-a0-542-gdc2a67831c (console) character file.

Game seed: 16102726459069821256

85 Lexodia the Cudgeller (level 4, -9/44 HPs)
             Began as an Ogre Gladiator on Aug 14, 2023.
             Mangled by an iguana (13 damage)
             ... on level 5 of the Dungeon.
             The game lasted 00:05:01 (1264 turns).

Lexodia the Cudgeller (Ogre Gladiator)              Turns: 1264, Time: 00:05:02

Health: -9/44      AC:  4    Str: 20    XL:     4   Next: 48%
Magic:  14/14      EV: 10    Int:  9    God:
Gold:   126        SH:  0    Dex: 10    Spells: 3/5 levels left

rFire   . . .        a - +0 flail
rCold   . . .        (no shield)
rNeg    + + +        l - +1 robe "Nuemn" {-Tele rElec rN+++ Archmagi}
rPois   .            c - +0 hat
rElec   +            (no cloak)
rCorr   .            (gloves unavailable)
SInv    .            (boots unavailable)
Will    .....        (no amulet)
Stlth   +            f - +4 ring of slaying
HPRegen 0.27/turn    n - ring of magical power
MPRegen 0.14/turn

%: no teleportation, archmagi
@: no status effects
A: large, unfitting armour, tough skin 1
a: no special abilities


You were on level 5 of the Dungeon.
You visited 1 branch of the dungeon, and saw 7 of its levels.

You collected 126 gold pieces.

Inventory:

Hand Weapons
 a - a +0 flail (weapon)
Missiles
 d - 3 throwing nets (quivered)
 e - a large rock
Armour
 b - a +0 robe
 c - a +0 hat (worn)
 l - the +1 robe "Nuemn" (worn) {-Tele rElec rN+++ Archmagi}
   (You found it on level 5 of the Dungeon)

   rElec:     It insulates you from electricity.
   rN+++:     It renders you almost immune to negative energy.
   -Tele:     It prevents most forms of teleportation.
   Archmagi:  It increases the power of your magical spells.
Jewellery
 f - a +4 ring of slaying (left hand)
 i - a ring of see invisible
 n - a ring of magical power (right hand)
Wands
 m - a wand of flame (10)
Scrolls
 g - a scroll of vulnerability {unknown}
 j - a scroll of identify {unknown}
 k - a scroll of enchant weapon {unknown}
 o - a scroll of teleportation {unknown}
Potions
 h - a potion of degeneration {unknown}


   Skills:
 - Level 2.8 Fighting
 * Level 3.4 Maces & Flails
 + Level 2.5 Throwing
 - Level 2.7 Dodging
 * Level 1.3 Spellcasting
 * Level 1.1 Air Magic
 * Level 1.2 Poison Magic


You had 3 spell levels left.
You knew the following spells:

 Your Spells              Type           Power      Damage    Failure   Level
a - Poisonous Vapours     Pois/Air       8%         N/A       32%         2

Your spell library contained the following spells:

 Spells                   Type           Power      Damage    Failure   Level
 Sting                    Tmut/Pois      8%         1d3       28%         1
 Magic Dart               Conj           0%         1d3       36%         1
 Searing Ray              Conj           0%         2d4       50%         2
 Mephitic Cloud           Conj/Pois/Air  3%         N/A       61%         3
 Ignite Poison            Fire/Tmut/Pois 2%         N/A       65%         3
 Olgreb's Toxic Radiance  Pois           4%         N/A       91%         4
 Fulminant Prism          Conj/Hex       0%         3d5       98%         4


Dungeon Overview and Level Annotations

Branches:
Dungeon (7/15)
 Temple: D:4-7

Altars:

Annotations:
D:4 Natasha


Innate Abilities, Weirdness & Mutations

You are too large for most types of armour.
You have tough skin. (AC +1)


Message History

There is a stone staircase leading up here.
The iguana bites you but does no damage.
You climb upwards.
Reactivating autopickup.
There is a stone staircase leading down here.
You barely miss the iguana. The iguana bites you!
Huge Dmg: -29%(-13hp) hp: 53%(23hp)
You closely miss the iguana. The iguana bites you!
* * * LOW HITPOINT WARNING * * *
The iguana misses you.
Huge Dmg: -28%(-12hp) hp: 25%(11hp)
Aiming: Throw Flame
Press: ? - help, Shift-Dir - straight line, f - iguana
Aim: an iguana (72% to hit)
The puff of flame hits the iguana.
The iguana is moderately wounded.
The iguana barely misses you.
Aiming: Throw Flame
Press: ? - help, Shift-Dir - straight line, f/p - iguana
Aim: an iguana (moderately wounded, 72% to hit)
The puff of flame hits the iguana!
The iguana is severely wounded.
The iguana bites you.
* * * LOW HITPOINT WARNING * * *
Huge Dmg: -14%(-6hp) hp: 14%(6hp)
Aiming: Throw Flame
Press: ? - help, Shift-Dir - straight line, f/p - iguana
Aim: an iguana (severely wounded, 72% to hit)
The puff of flame hits the iguana.
The iguana is severely wounded.
The iguana bites you.
* * * LOW HITPOINT WARNING * * *
Huge Dmg: -4%(-2hp) hp: 10%(4hp)
Aiming: Throw Flame
Press: ? - help, Shift-Dir - straight line, f/p - iguana
Aim: an iguana (severely wounded, 72% to hit)
The puff of flame hits the iguana.
The iguana is almost dead.
The iguana bites you!
You die...

#... +..#..'.).# #...#
#...####..###########...#.#
#.........................#
##.....#############....#.##
#........### ######...
#......#....# ###
#......#.##.##
#......#.##.l#
#......#....@#
#......####### #......#
##.#####


You could see an iguana.

Vanquished Creatures
  An iguana (D:4)
  2 adders (D:5)
  A worm (D:2)
  2 orcs
  4 ball pythons
  2 giant cockroaches (D:1)
  4 goblins (D:1)
  4 hobgoblins
  3 jackals (D:4)
  A quokka (D:5)
  5 bats
  2 kobolds
  6 rats (D:1)
37 creatures vanquished.

Notes
Turn   | Place    | Note
-------+----------+-------------------------------------------
     0 | D:1      | Lexodia the Ogre Gladiator began the quest for the Orb.
     0 | D:1      | Reached XP level 1. HP: 22/22 MP: 1/1
    18 | D:1      | Huge Dmg: 5 dmg
    19 | D:1      | Huge Dmg: 9 dmg
    26 | D:1      | Huge Dmg: 4 dmg
    34 | D:1      | Huge Dmg: 2 dmg
   201 | D:1      | Reached XP level 2. HP: 29/29 MP: 2/2
   209 | D:1      | Reached skill level 3 in Maces & Flails
   256 | D:1      | Got Sioreruw's Spellbook of Putridity
   498 | D:1      | Reached XP level 3. HP: 36/36 MP: 3/3
   573 | D:4      | Noticed Natasha
   589 | D:4      | Reached skill level 1 in Spellcasting
   589 | D:4      | Reached skill level 1 in Poison Magic
   589 | D:4      | Reached XP level 4. HP: 36/44 MP: 3/5
   594 | D:5      | Entered Level 5 of the Dungeon
   598 | D:5      | Learned a level 2 spell: Poisonous Vapours
   823 | D:5      | Reached skill level 1 in Air Magic
   989 | D:5      | Identified the +1 robe "Nuemn" {-Tele rElec rN+++ Archmagi}
  1016 | D:6      | Noticed a sky beast
  1044 | D:6      | Noticed a black bear
  1219 | D:7      | Noticed a sky beast
  1252 | D:6      | Huge Dmg: 10 dmg
  1260 | D:5      | Huge Dmg: 13 dmg
  1261 | D:5      | Huge Dmg: 12 dmg
  1263 | D:5      | Huge Dmg: 6 dmg
  1264 | D:5      | Huge Dmg: 2 dmg
  1264 | D:5      | Mangled by an iguana

Illustrated notes

Levels and vault maps discovered:
D:1:      dpeg_arrival_stone_temple_mockup, layout_basic,
          minmay_rat_gold_closets
D:2:      layout_basic, st_stairs_11
D:3:      layout_basic
D:4:      layout_gridville, jmf_multi_god_temple, uniq_duvessa, uniq_ijyb,
          uniq_natasha
D:5:      corexii_shack_village, layout_basic, glass_columns_c,
          kennysheep_generic_room_13
D:6:      kennysheep_six_static_rooms, layout_loops_ring,
          general_overflow_altar, kennysheep_mini, serial_undead,
          serial_undead_e, serial_undead_a, serial_undead_e, serial_undead_d,
          st_stairs_13, uniq_eustachio, uniq_sigmund
D:7:      layout_rooms, mainiacjoe_overflow_surrounded_room,
          mainiacjoe_overflow_alcove_2, temple_doors_ab, gammafunk_ghost_split,
          uniq_joseph, uniq_crazy_yiuf_cottage

Skill      XL: |  1  2  3  4 |
---------------+-------------+-----
Maces & Flails | 3 |  3.4
Spellcasting   | 1 |  1.3
Poison Magic   | 1 |  1.2
Air Magic      | 1 |  1.1
Fighting       | |  2.8
Throwing       | |  2.5
Dodging        | |  2.7

Action                     |  1- 3 |  4- 6 || total
---------------------------+-------+-------++-------
  Melee: Flail             |    78 |    17 ||    95
         Punch             |     1 |       ||     1
  Evoke: Wand              |       |     4 ||     4
    Use: Scroll            |     1 |       ||     1
   Stab: Sleeping          |     1 |     1 ||     2
 Armour: Robe              |    26 |     4 ||    30
  Dodge: Dodged            |    70 |     7 ||    77

Table legend: (Time is in decaauts)
 A = Elapsed time spent in this place.
 B = Non-inter-level travel time spent in this place.
 C = Inter-level travel time spent in this place.
 D = Time resting spent in this place.
 E = Time spent auto-exploring this place.
 F = Levels seen in this place.
 G = Mean time per level.
                   A        B        C        D        E       F      G
               +--------+--------+--------+--------+--------+-----+--------+
         Total |   1285 |   1208 |     77 |     72 |    639 |   7 |  183.6 |
       Dungeon |   1285 |   1208 |     77 |     72 |    639 |   7 |  183.6 |
               +--------+--------+--------+--------+--------+-----+--------+

Top non-repeatable levels by time:
     D:1: 514 daAuts
     D:5: 505 daAuts
     D:6: 144 daAuts
     D:4: 72 daAuts
     D:2: 37 daAuts
     D:3: 8 daAuts
     D:7: 1 daAuts
